 Dungeon Crawl Stone Soup version 0.28-a0-834-g1a73be5ee4 (webtiles) character file.

Game seed: 11294529198072995940

4159 cheechan the Quickloader (level 10, 0/71 HPs)
             Began as an Octopode Hunter on Nov 11, 2021.
             Was an Initiate of Okawaru.
             Succumbed to a kobold brigand's curare-tipped dart
             ... on level 8 of the Dungeon.
             The game lasted 00:38:58 (9373 turns).

cheechan the Quickloader (Octopode Hunter)          Turns: 9373, Time: 00:38:59

Health: 0/71       AC:  1    Str: 11    XL:     10   Next: 28%
Magic:  4/9        EV: 16    Int: 16    God:    Okawaru [......]
Gold:   275        SH:  0    Dex: 20    Spells: 8/9 levels left

rFire   + . .      SeeInvis +   a - +2 hand crossbow (freeze)
rCold   + . .      Faith    .   (no shield)
rNeg    . . .      Spirit   +   (helmet restricted)
rPois   .          Reflect  .   l - amulet of guardian spirit
rElec   +          Harm     .   e - ring of protection from cold
rCorr   .          Rampage  .   k - ring of Mysticism {Will+ Dex+6 SInv}
Will    +....                   (no ring)
Stlth   ++++......              (no ring)
HPRegen 0.21/turn               (no ring)
MPRegen 0.11/turn               (no ring)
                                (no ring)
                                (no ring)

@: lethally poisoned (0 -> -11), slowed, very slow
A: almost no armour, amphibious, 8 rings, camouflage 1, gelatinous body 1,
(nimble swimmer 1), tentacles, fire resistance 1, low mp 1, electricity
resistance
a: Renounce Religion


You were on level 8 of the Dungeon.
You worshipped Okawaru.
Okawaru was noncommittal.
You visited 2 branches of the dungeon, and saw 9 of its levels.
You also visited: Ossuary.

You collected 275 gold pieces.

Inventory:

Hand Weapons
 a - a +2 hand crossbow of freezing (weapon)
 g - a +3 great sword
 p - a +2 vampiric dagger
 t - a +2 dagger of venom
 v - a +0 shortbow
Missiles
 b - 192 arrows
 c - 15 bolts (quivered ammo)
 h - 34 poisoned darts
 n - 4 silver javelins
 o - 35 sling bullets
Jewellery
 e - a ring of protection from cold (left tentacle)
 k - the ring of Mysticism (right tentacle) {Will+ Dex+6 SInv}
   (You acquired it on level 3 of the Dungeon)

   [ring of dexterity]

   Dex:       It affects your dexterity (+6).
   SInv:      It lets you see invisible.
   Will:      It increases your willpower.
 l - an amulet of guardian spirit (around mantle)
Wands
 r - a wand of iceblast (4)
Scrolls
 d - a scroll of fog
 j - 4 scrolls of amnesia
 w - 2 scrolls of teleportation
Potions
 i - a potion of resistance {unknown}
 m - 2 potions of lignification
 q - 2 potions of haste
 u - a potion of attraction {unknown}


   Skills:
 + Level 7.2 Fighting
 + Level 4.2 Long Blades
 + Level 11.1 Crossbows
 + Level 0.2 Throwing
 + Level 4.9 Dodging
 + Level 5.1 Stealth
 + Level 0.1 Spellcasting
 + Level 0.1 Necromancy
 + Level 1.4 Evocations


You had 8 spell levels left.
You knew the following spells:

 Your Spells              Type           Power      Damage    Failure   Level
a - Animate Skeleton      Necr           0%         N/A       24%         1

Your spell library contained the following spells:

 Spells                   Type           Power      Damage    Failure   Level
 Pain                     Necr           0%         1d4       24%         1
 Apportation              Tloc           0%         N/A       26%         1
 Ensorcelled Hibernation  Hex/Ice        0%         N/A       36%         2
 Static Discharge         Conj/Air       0%         N/A       36%         2
 Gell's Gravitas          Tloc           0%         N/A       58%         3
 Teleport Other           Tloc           0%         N/A       58%         3
 Vampiric Draining        Necr           0%         2d6       58%         3
 Dispel Undead            Necr           0%         3d6       94%         4
 Sticky Flame             Conj/Fire      0%         2d3       94%         4
 Dispersal                Tloc           0%         N/A       100%        6
 Summon Small Mammal      Summ           Unusable   N/A       N/A         1
 Tukima's Dance           Hex            Unusable   N/A       N/A         3

Dungeon Overview and Level Annotations

Branches:
Dungeon (8/15)             Temple (1/1) D:4         Ossuary (visited)
   Lair: D:8-11

Altars:
Ashenzari
Cheibriados
Dithmenos
Elyvilon
Fedhas
Gozag
Hepliaklqana
Kikubaaqudgha
Makhleb
Nemelex Xobeh
Okawaru
Qazlal
Ru
Sif Muna
Trog
Uskayaw
Vehumet
Wu Jian
Xom
Yredelemnul
Zin

Shops:
D:8 =


Innate Abilities, Weirdness & Mutations

You cannot wear most types of armour.
You are amphibious.
You can wear up to eight rings at the same time.
Your skin changes colour to match your surroundings (Stealth+).
Your rubbery body absorbs attacks. (AC +1, EV +1)
((You are camouflaged near water. (Stealth+)))
You have tentacles for arms and can constrict up to eight enemies at once.
Your flesh is heat resistant. (rF+)
Your magical capacity is low. (-10% MP)
You are resistant to electric shocks. (rElec)


Message History

You shoot a bolt. The bolt hits the kobold!!
The bolt freezes the kobold.
You kill the kobold!
You feel very sick.
The kobold throws a poisoned dart.
The poisoned dart hits you.
You are more poisoned.
The kobold brigand throws a curare-tipped dart.
The curare-tipped dart misses you.
Okay, then.
Fire: 17 bolts
Press: ? - help, Shift-Dir - straight line, f/p - kobold
Aim: a kobold, wielding a +0 club and quivering poisoned darts (69% to hit)
You shoot a bolt. The bolt closely misses the kobold.
You feel very sick.
The kobold brigand throws a curare-tipped dart.
The curare-tipped dart closely misses you.
The kobold closely misses you.
Fire: 16 bolts
Press: ? - help, Shift-Dir - straight line, f/p - kobold
Aim: a kobold, wielding a +0 club and quivering poisoned darts (69% to hit)
You shoot a bolt. The bolt hits the kobold!!
The bolt freezes the kobold.
You kill the kobold!
You feel very sick.
Unknown command.
You feel sick.
The kobold brigand throws a curare-tipped dart.
The curare-tipped dart barely misses you.
You feel sick.
You feel sick.
You feel sick.
The kobold brigand throws a curare-tipped dart.
The curare-tipped dart hits you.
You are lethally poisoned!
You have difficulty breathing.
* * * LOW HITPOINT WARNING * * *
You feel as though you will be slow longer.
Okay, then.
Blink to where?
Press: ? - help, Dir - move target
As you read the scroll of blinking, it crumbles to dust.
You die...

#...# #..........≈§≈§.
#..########.........≈§§§_
#..##....##.........≈)≈..
#........##∩..##....≈K§≈§
#........##########.≈KK..
#........#..........≈≈≈≈≈
#..###'####.........((..§
#..##....##....§.....#...
#.......@............#...
#....................#...
#########################


There were no monsters in sight!

Vanquished Creatures
  A two-headed ogre (D:8)
  A centaur warrior (D:8)
  A wraith (Ossuary)
  A steam dragon (D:7)
  A water moccasin (D:8)
  2 orc warriors (D:7)
  2 ice beasts
  A sky beast (D:6)
  An ogre (D:6)
  2 necrophages
  A phantom (D:7)
  A kobold brigand (D:7)
  2 bullfrogs
  2 scorpions
  A wyvern zombie (D:8)
  2 wyvern skeletons
  5 killer bees
  3 wights (D:7)
  A howler monkey (D:5)
  2 centaur zombies
  A bullfrog zombie (D:3)
  2 gnoll shamans
  3 hounds
  3 centaur skeletons
  3 orc priests
  4 iguanas
  A scorpion zombie (D:5)
  Natasha (thrice) (D:3)
  4 orc wizards
  A killer bee zombie (D:8)
  A mummy (Ossuary)
  A howler monkey zombie (D:7)
  4 gnolls (D:7)
  6 adders
  A howler monkey skeleton (D:7)
  An ufetubus (D:6)
  2 worms
  2 dart slugs
  13 orcs
  5 ball pythons
  2 bats
  6 endoplasms
  A giant cockroach (D:2)
  8 goblins
  2 hobgoblins
  3 jackals (D:3)
  3 quokkas
  5 frilled lizards
  6 gnoll skeletons (Ossuary)
  12 kobolds
  9 kobold skeletons (Ossuary)
  10 orc skeletons (Ossuary)
  6 rats
167 creatures vanquished.

Vanquished Creatures (others)
  A plant (D:1)
1 creature vanquished.

Grand Total: 168 creatures vanquished

Notes
Turn   | Place    | Note
-------+----------+-------------------------------------------
     0 | D:1      | cheechan the Octopode Hunter began the quest for the Orb.
     0 | D:1      | Reached XP level 1. HP: 14/14 MP: 1/1
   133 | D:1      | Reached XP level 2. HP: 16/19 MP: 2/2
  1085 | D:1      | Reached XP level 3. HP: 22/24 MP: 3/3
  1546 | D:2      | Found a faded altar of an unknown god.
  1553 | D:2      | Reached skill level 5 in Crossbows
  1911 | D:2      | Reached XP level 4. HP: 10/30 MP: 4/4
  2727 | D:3      | Reached XP level 5. HP: 24/35 MP: 5/5
  2967 | D:3      | Noticed Natasha
  2972 | D:3      | Killed Natasha
  2973 | D:3      | Reached skill level 6 in Crossbows
  3028 | D:3      | Identified a scroll of acquirement
  3028 | D:3      | Acquired the ring of Mysticism {Will+ Dex+6 SInv}
  3071 | D:3      | Noticed Natasha
  3080 | D:3      | Killed Natasha
  3106 | D:3      | Noticed Natasha
  3111 | D:3      | Killed Natasha
  3112 | D:3      | Reached XP level 6. HP: 35/41 MP: 6/6
  3344 | D:4      | Found a staircase to the Ecumenical Temple.
  3349 | Temple   | Entered the Ecumenical Temple
  3696 | D:4      | Noticed a necrophage
  3704 | D:4      | Killed a necrophage
  4188 | D:4      | Noticed a sky beast
  4222 | D:4      | Found an ornate altar of the Wu Jian Council.
  4407 | D:4      | Learned a level 1 spell: Animate Skeleton
  4493 | D:5      | Entered Level 5 of the Dungeon
  4567 | D:5      | Reached skill level 7 in Crossbows
  4567 | D:5      | Reached XP level 7. HP: 43/46 MP: 7/7
  5594 | D:6      | Found a snail-covered altar of Cheibriados.
  5607 | D:6      | Reached skill level 8 in Crossbows
  5640 | D:6      | Reached XP level 8. HP: 31/54 MP: 4/8
  5743 | D:7      | Found a sand-covered staircase.
  5748 | Ossuary  | Entered an ossuary
  5748 | Ossuary  | Noticed a wraith
  5748 | Ossuary  | Noticed a wraith
  5748 | Ossuary  | Noticed a wraith
  5859 | Ossuary  | Gained mutation: Your flesh is heat resistant. (rF+)
                  | [potion of mutation]
  5859 | Ossuary  | Gained mutation: Your magical capacity is low. (-10% MP)
                  | [potion of mutation]
  5859 | Ossuary  | Gained mutation: You are resistant to electric shocks.
                  | (rElec) [potion of mutation]
  5925 | Ossuary  | Noticed a wraith
  6034 | Ossuary  | Killed a wraith
  6149 | D:7      | Reached skill level 9 in Crossbows
  6229 | D:7      | Reached skill level 1 in Evocations
  6531 | D:7      | Reached skill level 5 in Fighting
  6533 | D:7      | Reached skill level 5 in Stealth
  6564 | D:7      | Found a white marble altar of Elyvilon.
  6910 | D:7      | Reached XP level 9. HP: 55/61 MP: 8/8
  7134 | D:7      | Found a radiant altar of Vehumet.
  7137 | D:7      | Reached skill level 10 in Crossbows
  7182 | D:7      | Found a shadowy altar of Dithmenos.
  7286 | D:6      | Reached skill level 1 in Long Blades
  7504 | D:6      | Found an opulent altar of Gozag.
  7759 | D:6      | Found a stormy altar of Qazlal.
  8317 | D:8      | Noticed a centaur warrior
  8324 | D:8      | Killed a centaur warrior
  8627 | D:8      | Reached XP level 10. HP: 69/69 MP: 9/9
  8673 | D:8      | Noticed a two-headed ogre
  8682 | D:8      | Killed a two-headed ogre
  8683 | D:8      | Reached skill level 11 in Crossbows
  8890 | D:8      | Found a sparkling altar of Nemelex Xobeh.
  9158 | D:8      | Found an iron altar of Okawaru.
  9176 | D:8      | Found Piuxerem's Jewellery Boutique.
  9184 | D:8      | Became a worshipper of Warmaster Okawaru
  9373 | D:8      | Succumbed to a kobold brigand's curare-tipped dart

Illustrated notes

Levels and vault maps discovered:
D:1:      dpeg_arrival_signposts, layout_loops_ring, serial_bayou,
          serial_bayou_ford_a, serial_bayou_shore_b, serial_bayou_pond_e,
          serial_bayou_pond_e, minmay_pentomino_s4
D:2:      layout_basic, ebering_ecumenical_altar_petrified
D:3:      layout_rooms, minmay_door_square, uniq_natasha
D:4:      layout_loops_ring, pdpol_wu_jian_five_deadly_venoms, temple_doors_cd
D:5:      layout_basic, serial_rivers, chequers_serial_rivers_small_3,
          chequers_serial_rivers_large_a, chequers_serial_rivers_room_b,
          chequers_serial_rivers_micro_b, chequers_serial_rivers_micro_d
D:6:      layout_gridville, nicolae_gozag_seed_capital, kennysheep_slug_shrine,
          overflow_temple_1_default
D:7:      layout_basic, kennysheep_mini, elyvilon_altar_1,
          mainiacjoe_overflow_tiny_flanked, enter_ossuary_2
D:8:      layout_gridville, nemelex_xobeh_ov_fountains_minmay,
          mainiacjoe_overflow_concentric_impassable,
          minmay_shop_enchanted_jewellery, kennysheep_small_spiral,
          minmay_manual_moon
Temple:   nicolae_temple_no_exploring_needed

Skill      XL: |  1  2  3  4  5  6  7  8  9 10 |
---------------+-------------------------------+-----
Crossbows      | 5 6 7 8 9 10 11 | 11.1
Stealth        | 2 3 4 5 |  5.1
Fighting       | 3 4 5 6 7 |  7.2
Dodging        | 3 4 |  4.9
Evocations     | 1 |  1.4
Long Blades    | 3 4 |  4.2
Throwing       | |  0.2
Spellcasting   | |  0.1
Necromancy     | |  0.1

Action                   |  1- 3 |  4- 6 |  7- 9 | 10-12 || total
-------------------------+-------+-------+-------+-------++-------
Melee: Hand crossbow     |    11 |    13 |     6 |     1 ||    31
       Constrict         |     4 |     6 |     2 |     1 ||    13
       Tentacles         |     1 |     2 |     6 |     1 ||    10
       Great sword       |       |       |    15 |       ||    15
 Fire: Hand crossbow     |    49 |    77 |   205 |    47 ||   378
Throw: Javelin           |       |       |     2 |       ||     2
 Cast: Animate Skeleton  |       |       |     2 |       ||     2
Evoke: Wand              |       |       |     7 |       ||     7
  Use: Scroll            |     3 |     8 |     6 |     2 ||    19
       Potion            |       |     1 |     6 |       ||     7
Armor: Skin              |     2 |     2 |    70 |       ||    74
Dodge: Dodged            |    12 |    18 |    70 |    11 ||   111

Table legend: (Time is in decaauts)
 A = Elapsed time spent in this place.
 B = Non-inter-level travel time spent in this place.
 C = Inter-level travel time spent in this place.
 D = Time resting spent in this place.
 E = Time spent auto-exploring this place.
 F = Levels seen in this place.
 G = Mean time per level.
                   A        B        C        D        E       F      G
               +--------+--------+--------+--------+--------+-----+--------+
         Total |   9452 |   9452 |      0 |   1940 |      0 |  10 |  945.2 |
       Dungeon |   9100 |   9100 |      0 |   1875 |      0 |   8 | 1137.5 |
        Temple |      1 |      1 |      0 |      0 |      0 |   1 |    1.0 |
       Ossuary |    349 |    349 |      0 |     65 |      0 |   1 |  349.0 |
               +--------+--------+--------+--------+--------+-----+--------+

Top non-repeatable levels by time:
     D:7: 1900 daAuts
     D:2: 1419 daAuts
     D:1: 1260 daAuts
     D:4: 1202 daAuts
     D:5: 1143 daAuts
     D:8: 854 daAuts
     D:6: 673 daAuts
     D:3: 645 daAuts
 Ossuary: 349 daAuts
  Temple: 1 daAuts
